 Dungeon Crawl Stone Soup version 0.29.1-1-gd02db6906a (webtiles) character file.

Game seed: 11130504784627346419

317 LustLizard the Sneak (level 6, 0/30 HPs)
             Began as a Spriggan Arcane Marksman on Sept 21, 2022.
             Asphyxiated
             ... in a sewer.
             The game lasted 00:09:15 (3900 turns).

LustLizard the Sneak (Spriggan Arcane Marksman)     Turns: 3900, Time: 00:09:15

Health: 0/30       AC:  2    Str:  6    XL:     6   Next: 20%
Magic:  9/9        EV: 17    Int: 14    God:
Gold:   42         SH:  0    Dex: 18    Spells: 6/7 levels left

rFire   . . .      SeeInvis +   a - +1 sling
rCold   . . .      Faith    .   (no shield)
rNeg    . . .      Spirit   .   c - +0 robe
rPois   .          Reflect  .   (helmet restricted)
rElec   .          Harm     .   (no cloak)
rCorr   +          Rampage  .   (gloves unavailable)
Will    +....                   (boots unavailable)
Stlth   +++.......              (no amulet)
HPRegen 0.10/turn               e - ring of resist corrosion
MPRegen 0.11/turn               (no ring)

@: lethally poisoned (0 -> -20), very quick
A: very small, no large weapons, unfitting armour, see invisible, speed 3
a: no special abilities


You were in a sewer.
You visited 1 branch of the dungeon, and saw 3 of its levels.
You also visited: Sewer.

You collected 90 gold pieces.
You spent 48 gold pieces at shops.

Inventory:

Hand Weapons
 a - a +1 sling (weapon)
 g - the +9 short sword of Eliabaett {vorpal, Contam Fragile rElec rC+ Str+5}
   (You found it on level 2 of the Dungeon)

   It inflicts extra damage upon your enemies.
   Str:       It affects your strength (+5).
   rC:        It protects you from cold.
   rElec:     It insulates you from electricity.
   Contam:    It causes magical contamination when unequipped.
   Fragile:   It will be destroyed if unequipped.
Armour
 c - a +0 robe (worn)
 m - a +0 buckler
Jewellery
 e - a ring of resist corrosion (left hand)
Wands
 q - a wand of mindburst (18)
Scrolls
 b - 3 scrolls of poison
 d - a scroll of vulnerability {unknown}
 h - a scroll of fear {unknown}
 i - 2 scrolls of enchant weapon {unknown}
 j - a scroll of enchant armour {unknown}
 l - 2 scrolls of silence {unknown}
 p - a scroll of noise {unknown}
 r - a scroll of teleportation
 t - a scroll of summoning {unknown}
Potions
 f - 2 potions of mutation
 k - a potion of haste
 n - a potion of resistance
 o - a potion of attraction
 s - a potion of lignification {unknown}


   Skills:
 + Level 2.1 Fighting
 * Level 4.1 Ranged Weapons
 - Level 2.6 Dodging
 * Level 5.4 Stealth
 - Level 1.3 Spellcasting
 + Level 4.7 Hexes


You had 6 spell levels left.
You knew the following spells:

 Your Spells              Type           Power      Damage    Failure   Level
a - Slow                  Hex            56%        N/A       3%          1

Your spell library contained the following spells:

 Spells                   Type           Power      Damage    Failure   Level
 Inner Flame              Hex/Fire       7%         N/A       28%         3
 Portal Projectile        Hex/Tloc       14%        N/A       28%         3
 Cause Fear               Hex            7%         N/A       36%         4


Dungeon Overview and Level Annotations

Branches:
Dungeon (3/15)              Sewer (1/1)

Altars:
Zin

Shops:
D:2 ??[:?


Innate Abilities, Weirdness & Mutations

You are very small and have problems with some larger weapons.
You are too small for most types of armour.
You have supernaturally acute eyesight. (SInv)
You cover ground extremely quickly. (Speed+++)


Message History

The sling bullet hits the kobold brigand.
The kobold brigand is heavily wounded.
The kobold brigand hits you with a +0 short sword!
You shoot a sling bullet.
The sling bullet hits the kobold brigand.
The kobold brigand is severely wounded.
The kobold brigand closely misses you.
You shoot a sling bullet.
The sling bullet hits the kobold brigand but does no damage.
The kobold brigand is severely wounded.
The kobold brigand hits you but does no damage.
You shoot a sling bullet.
The sling bullet closely misses the kobold brigand.
The kobold brigand hits you with a +0 short sword!
The kobold brigand closely misses you.
You shoot a sling bullet.
The sling bullet hits the kobold brigand but does no damage.
The kobold brigand is severely wounded.
The kobold brigand closely misses you.
You shoot a sling bullet.
The sling bullet barely misses the kobold brigand.
The kobold brigand misses you.
You shoot a sling bullet.
The sling bullet barely misses the kobold brigand.
The kobold brigand barely misses you.
You shoot a sling bullet.
The sling bullet hits the kobold brigand.
The kobold brigand is severely wounded.
The kobold brigand hits you with a +0 short sword.
You shoot a sling bullet.
The sling bullet closely misses the kobold brigand.
The kobold brigand hits you with a +0 short sword!
* * * LOW HITPOINT WARNING * * *
The kobold brigand misses you.
You are too injured to fight recklessly!
The kobold brigand throws a curare-tipped dart.
The curare-tipped dart hits you.
You are lethally poisoned!
You have difficulty breathing.
You die...

~#####.....# ~). ##
##~..## #~# # ##~##
#.# #~# #.# #~# #.# #
##~## ##K## ##
##~.~## ##...##
~#####....~####~....#
~≈≈≈≈≈~.~~.≈≈≈≈~@.~.#
~##≈##~~~.~####..~..#
### ###~~.## ##...##
# ##≈## ##~## #≈# #~#
#≈# #~# #≈# #~# #
##≈## ##~## ##
##.~.## ##...##


You could see a kobold brigand.

Vanquished Creatures
  2 kobold brigands (Sewer)
  5 adders
  5 river rats
  3 worms
  2 orcs (D:3)
  9 endoplasms
  3 giant cockroaches (D:2)
  4 goblins
  8 hobgoblins
  A jackal (D:2)
  12 kobolds
  4 quokkas
  3 ball pythons
  6 bats
  7 frilled lizards
  9 rats
83 creatures vanquished.

Notes
Turn   | Place    | Note
-------+----------+-------------------------------------------
     0 | D:1      | LustLizard the Spriggan Arcane Marksman began the quest for
                  | the Orb.
     0 | D:1      | Reached XP level 1. HP: 9/9 MP: 3/3
    45 | D:1      | Reached skill level 1 in Stealth
   146 | D:1      | Reached skill level 1 in Fighting
   189 | D:1      | Reached XP level 2. HP: 14/14 MP: 5/5
   594 | D:1      | Reached skill level 2 in Stealth
   766 | D:1      | Found a faded altar of an unknown god.
  1091 | D:2      | Found Mabissya's Magic Scroll Emporium.
  1093 | D:2      | Reached XP level 3. HP: 18/18 MP: 6/6
  1098 | D:2      | Bought a scroll of identify for 24 gold pieces
  1478 | D:2      | Identified the +9 short sword of Eliabaett {vorpal, Contam
                  | Fragile rElec rC+ Str+5}
  1504 | D:2      | Found a glowing silver altar of Zin.
  1587 | D:2      | Found Zatoom's Magic Scroll Shop.
  1592 | D:2      | Bought a scroll of identify for 24 gold pieces
  1604 | D:2      | Found Huoqunax's Antique Armour Emporium.
  1696 | D:2      | Found Pita's Book Shop.
  1737 | D:2      | Reached skill level 3 in Stealth
  1761 | D:2      | Found Soxosiyh's Magic Scroll Shoppe.
  2005 | D:2      | Reached XP level 4. HP: 17/22 MP: 7/7
  2710 | D:3      | Found a glowing drain.
  2879 | Sewer    | Entered a sewer
  2889 | Sewer    | Reached skill level 4 in Stealth
  3085 | Sewer    | Reached XP level 5. HP: 26/26 MP: 8/8
  3529 | Sewer    | Reached skill level 5 in Stealth
  3667 | Sewer    | Reached XP level 6. HP: 12/30 MP: 9/9
  3900 | Sewer    | Asphyxiated

Illustrated notes

Levels and vault maps discovered:
D:1:      dpeg_arrival_rooms_a, layout_rooms, basic_ecumenical_altar
D:2:      layout_loops_corners, basic_altar, serial_shops, shop,
          nicolae_shop_behind_doors, shop, nicolae_shop_stone, shop,
          minmay_fractal_squares_gapless_5
D:3:      layout_rooms, nicolae_overflow_ecumenical_swirl, portal_sewer_entry_a,
          minmay_misc_feat_x
Sewer:    sewer_co_15_rooms

Skill      XL: |  1  2  3  4  5 |
---------------+----------------+-----
Stealth        | 1 2 3 4 5 |  5.4
Fighting       | 1 2 |  2.1
Hexes          | 4 |  4.7
Ranged Weapons | 3 4 |  4.1
Dodging        | |  2.6
Spellcasting   | |  1.3

Action                   |  1- 3 |  4- 6 || total
-------------------------+-------+-------++-------
 Fire: Sling             |   166 |   185 ||   351
 Cast: Slow              |     1 |       ||     1
  Use: Scroll            |     3 |     3 ||     6
       Potion            |       |     2 ||     2
Armor: Robe              |     7 |    10 ||    17
Dodge: Dodged            |    76 |    87 ||   163
